 Dungeon Crawl Stone Soup version 0.19.1 (webtiles) character file.

3721 Peloso the Blocker (level 9, -1/79 HPs)
             Began as a Deep Dwarf Fighter on Dec 10, 2016.
             Was a Believer of Okawaru.
             Slain by a wolf (7 damage)
             ... on level 1 of the Lair of Beasts.
             The game lasted 00:31:00 (7408 turns).

Peloso the Blocker (Deep Dwarf Fighter)             Turns: 7408, Time: 00:31:02

Health: -1/79      AC: 10    Str: 22    XL:     9   Next: 92%
Magic:  10/10      EV: 11    Int: 12    God:    Okawaru [**....]
Gold:   454        SH: 15    Dex: 14    Spells: 0 memorised, 8 levels left

rFire  . . .     SeeInvis .     v - +2 falchion (slice)
rCold  . . .     Gourm    .     b - +0 scale mail
rNeg   + . .     Faith    .     c - +0 shield
rPois  .         Spirit   .     (helmet restricted)
rElec  .         Reflect  +     (no cloak)
rCorr  +         Harm     .     t - +2 pair of gloves
MR     ++...                    (no boots)
Stlth  +.........               g - +3 amulet of reflection
                                x - ring of resist corrosion
                                C - ring "Gait" {Wiz rN+}

@: non-regenerating
A: damage resistance, recharge devices, horns 1, clever 1, magic resistance 1,
sense surroundings 2, slow regeneration 3, strong 1
a: Device Recharging, Heroism, Renounce Religion


You were on level 1 of the Lair of Beasts.
You worshipped Okawaru.
Okawaru was pleased with you.
You were not hungry.

You visited 3 branches of the dungeon, and saw 10 of its levels.
You also visited: Sewer.

You collected 508 gold pieces.
You spent 54 gold pieces at shops.

Inventory:

Hand Weapons
 s - the +0 dagger of Peloso's Peril {flame, +Blink rC- Int+6}
   (You found it on level 4 of the Dungeon)

   It has been specially enchanted to burn those struck by it, causing extra
   injury to most foes and up to half again as much damage against particularly
   susceptible opponents.
   It affects your intelligence (+6).
   It makes you vulnerable to cold.
   It lets you blink.
 v - a +2 falchion of slicing (weapon)
Armour
 b - a +0 scale mail (worn)
 c - a +0 shield (worn)
 o - a +1 helmet
 t - a +2 pair of gloves (worn)
Jewellery
 g - a +3 amulet of reflection (around neck)
 w - an uncursed ring of magical power
 x - a ring of resist corrosion (right hand)
 C - the ring "Gait" (left hand) {Wiz rN+}
   (You found it on level 8 of the Dungeon)

   [ring of wizardry]

   It improves your spell success rate.
   It protects you from negative energy.
Wands
 e - a wand of heal wounds (0/9)
 h - a wand of polymorph (15/24)
 i - a wand of disintegration (10/24)
 u - a wand of random effects (21/48)
 A - a wand of confusion (22/48)
Scrolls
 a - 2 scrolls of remove curse
 d - a scroll of enchant armour
 j - a scroll of fear
 m - 4 scrolls of identify
 p - 2 scrolls of amnesia
Potions
 k - a potion of resistance
 l - 2 potions of brilliance
 r - 3 potions of curing
Books
 y - a book of Air

   Spells                             Type                      Level
   a - Shock                          Conjuration/Air              1
   b - Swiftness                      Charms/Air                   2
   c - Repel Missiles                 Charms/Air                   2
   d - Static Discharge               Conjuration/Air              3
   e - Lightning Bolt                 Conjuration/Air              5
 B - a book of Minor Magic

   Spells                             Type                      Level
   a - Magic Dart                     Conjuration                  1
   b - Blink                          Translocation                2
   c - Call Imp                       Summoning                    2
   d - Repel Missiles                 Charms/Air                   2
   e - Slow                           Hexes                        2
   f - Conjure Flame                  Conjuration/Fire             3
   g - Mephitic Cloud                 Conjuration/Poison/Air       3
Comestibles
 f - 4 bread rations
 n - a slice of pizza
 z - a meat ration
 D - 5 chunks of flesh
 E - a beef jerky


   Skills:
 + Level 4.7 Fighting
 + Level 8.5 Long Blades
 + Level 6.3 Armour
 + Level 4.6 Dodging
 + Level 3.1 Stealth
 + Level 9.4 Shields
 + Level 0.3 Invocations
 + Level 1.3 Evocations


You had 8 spell levels left.
You didn't know any spells.

Dungeon Overview and Level Annotations

Branches:
Dungeon (8/15)             Temple (1/1) D:6            Lair (1/6) D:8

Altars:
Ashenzari
Cheibriados
Fedhas
Gozag
Hepliaklqana
Makhleb
Nemelex Xobeh
Okawaru
Qazlal
Ru
Sif Muna
Uskayaw
Vehumet
Xom
Yredelemnul
The Shining One

Shops:
D:5 **[


Innate Abilities, Weirdness & Mutations

You are resistant to damage.
You can recharge devices by infusing magical energy.
You passively map the area around you.
You do not regenerate.
You have a pair of small horns on your head.
Your mind is acute. (Int +2)
You are resistant to hostile enchantments. (MR+)
Your muscles are strong. (Str +2)


Message History

The bullfrog barely misses you. You block the wolf's attack.
The wolf bites you but does no damage. You block the bullfrog's attack.
The wolf closely misses you. The wolf barely misses you.
You riposte.
You closely miss the wolf.
The wolf is almost dead.
The wolf bites you.
* * * LOW HITPOINT WARNING * * *
You block the wolf's attack. The wolf misses you.
You block the wolf's attack. x2
The wolf bites you!
* * * LOW HITPOINT WARNING * * *
There is a staircase back to the Dungeon here.
You block the wolf's attack. The wolf bites you.
* * * LOW HITPOINT WARNING * * *
You block the wolf's attack. The wolf barely misses you.
You block the wolf's attack. The wolf bites you.
* * * LOW HITPOINT WARNING * * *
The wolf bites you!
You die...

.........#......# ,
.h#....h.......# ,, ,
..+......#h....## # #.,
,,,,
...##+####......##.#*#P.,
.................. ....
...........####.#+##....
*
........................#
,
..........#...Fhh..P....P
, * ....####..#....h@..#,
..#* *, ..###
#..#....hh..# ...# *,
...# #...........#.....,
, ...# #..#...........# *
, , ...#
##..#........#..# * *
..## #.. #........#..# +,
..# ##..#...........# ..#
#..#^.......P..## , ..#
#...#.#+.#.#P...# ,


You could see 5 wolves and a bullfrog.

Vanquished Creatures
  The ghost of makewrite the Spear-Bearer, a novice MiMo of Yredelemnul (Lair:1)
  The ghost of dricus the Destroyer, a novice DECj of Vehumet (D:7)
  A hippogriff (Lair:1)
  The ghost of makewrite the Poker, an amateur MiMo (D:5)
  A phantom (D:5)
  An ogre (D:8)
  A centaur (D:5)
  A wolf (Lair:1)
  A crocodile (Lair:1)
  6 bullfrogs
  3 scorpions
  A howler monkey (D:8)
  6 crimson imps
  The ghost of Rrauwl the Gusty, a weakling DEAE of Dithmenos (D:3)
  3 hounds
  2 jellies
  A centaur skeleton (D:7)
  An iguana (D:6)
  4 worker ants
  Natasha (thrice) (D:2)
  7 orc wizards
  2 howler monkey zombies (D:7)
  A worker ant zombie (D:8)
  Robin (D:2)
  A howler monkey skeleton (D:6)
  4 gnolls
  13 adders
  3 river rats
  4 shadow imps
  7 oozes
  An adder zombie (D:5)
  An adder skeleton (D:7)
  3 worms
  18 leopard geckos
  14 orcs
  9 bats
  11 giant cockroaches
  18 goblins
  11 hobgoblins
  7 jackals
  7 quokkas
  8 ball pythons
  A ball python zombie (D:6)
  11 frilled lizards
  5 kobolds
  11 rats
  A fungus (D:8)
220 creatures vanquished.

Vanquished Creatures (others)
  A centaur (D:6)
  2 fungi
3 creatures vanquished.

Grand Total: 223 creatures vanquished

Notes
Turn   | Place    | Note
-------+----------+-------------------------------------------
     0 | D:1      | Peloso the Deep Dwarf Fighter began the quest for the Orb.
     0 | D:1      | Reached XP level 1. HP: 20/20 MP: 1/1
   229 | D:1      | Reached XP level 2. HP: 27/27 MP: 2/2
   744 | D:2      | Reached XP level 3. HP: 30/34 MP: 3/3
   772 | D:2      | Noticed Robin
   772 | D:2      | Noticed Natasha
  1094 | D:2      | Killed Robin
  1097 | D:2      | Reached skill level 4 in Shields
  1102 | D:2      | Killed Natasha
  1102 | D:2      | Reached skill level 1 in Dodging
  1102 | D:2      | Reached XP level 4. HP: 31/42 MP: 4/4
  1188 | D:2      | Noticed Natasha
  1201 | D:2      | Killed Natasha
  1317 | D:2      | Found a hide-covered altar of Uskayaw.
  1360 | D:2      | Reached XP level 5. HP: 22/49 MP: 5/5
  1516 | D:2      | Noticed Natasha
  1523 | D:2      | Killed Natasha
  1586 | D:2      | Gained mutation: You have a pair of small horns on your head. [potion of beneficial mutation]
  1627 | D:3      | Reached skill level 5 in Shields
  1698 | D:3      | Noticed Rrauwl's ghost (weakling DEAE)
  1709 | D:3      | Killed Rrauwl's ghost
  1874 | D:3      | Reached skill level 1 in Stealth
  1874 | D:3      | Reached XP level 6. HP: 25/56 MP: 6/6
  1904 | D:3      | Found a glowing drain.
  1947 | Sewer    | Entered a sewer
  2500 | Sewer    | Reached XP level 7. HP: 9/62 MP: 7/7
  2900 | D:4      | Reached skill level 6 in Shields
  3417 | D:4      | Got an ichor-stained dagger
  3418 | D:4      | Identified the cursed +0 dagger of Peloso's Peril {flame, +Blink rC- Int+6} (You found it on level 4 of the Dungeon)
  3600 | D:5      | Entered Level 5 of the Dungeon
  3704 | D:5      | Reached skill level 5 in Long Blades
  3825 | D:5      | Noticed makewrite's ghost (amateur MiMo)
  3845 | D:5      | Killed makewrite's ghost
  3845 | D:5      | Reached XP level 8. HP: 29/72 MP: 8/8
  3856 | D:5      | Reached skill level 7 in Shields
  3938 | D:5      | Found Xodop's Armour Emporium.
  4286 | D:5      | Found Ciul's General Store.
  4341 | D:5      | Found Dipt's Assorted Antiques.
  4349 | D:5      | Bought a metallic yellow potion for 27 gold pieces
  4384 | D:5      | Bought a fizzy white potion for 27 gold pieces
  4623 | D:6      | Found a stormy altar of Qazlal.
  4767 | D:6      | Found a staircase to the Ecumenical Temple.
  4821 | D:6      | Reached skill level 5 in Armour
  4844 | Temple   | Entered the Ecumenical Temple
  4858 | Temple   | Became a worshipper of Warmaster Okawaru
  4933 | D:6      | Found a hazy altar of Hepliaklqana.
  5290 | D:6      | Reached skill level 8 in Shields
  5702 | D:7      | Noticed dricus's ghost (novice DECj)
  6009 | D:7      | Killed dricus's ghost
  6009 | D:7      | Gained mutation: You passively map the area around you. [Deep Dwarf growth]
  6009 | D:7      | Reached XP level 9. HP: 26/79 MP: 9/9
  6012 | D:7      | Reached skill level 1 in Evocations
  6039 | D:7      | Reached * piety under Okawaru
  6483 | D:8      | Got a brightly glowing silver ring
  6485 | D:8      | Identified the ring "Gait" {Wiz rN+} (You found it on level 8 of the Dungeon)
  6507 | D:8      | Found a shattered altar of Ashenzari.
  6558 | D:8      | Gained mutation: You are resistant to hostile enchantments. (MR+) [potion of mutation]
  6558 | D:8      | Gained mutation: Your mind is acute. (Int +2) [potion of mutation]
  6558 | D:8      | Gained mutation: Your muscles are strong. (Str +2) [potion of mutation]
  6805 | D:8      | Found a staircase to the Lair.
  7196 | Lair:1   | Entered Level 1 of the Lair of Beasts
  7199 | Lair:1   | Noticed makewrite's ghost (novice MiMo)
  7243 | Lair:1   | Killed makewrite's ghost
  7243 | Lair:1   | Reached skill level 9 in Shields
  7281 | Lair:1   | Reached ** piety under Okawaru
  7408 | Lair:1   | Slain by a wolf

Skill      XL: |  1  2  3  4  5  6  7  8  9 |
---------------+----------------------------+-----
Fighting       | 3 4 |  4.7
Armour         | 4 5 6 |  6.3
Shields        | 4 5 6 8 9 |  9.4
Dodging        | 1 2 3 4 |  4.6
Long Blades    | 3 4 5 7 8 |  8.5
Stealth        | 1 2 3 |  3.1
Evocations     | 1 |  1.3
Invocations    | |  0.3

Action                   |  1- 3 |  4- 6 |  7- 9 || total
-------------------------+-------+-------+-------++-------
Melee: Long sword        |    86 |   327 |   263 ||   676
       Headbutt          |       |    39 |   113 ||   152
       Falchion          |       |       |   275 ||   275
Invok: Heroism           |       |       |     3 ||     3
Evoke: Wand              |       |       |     7 ||     7
  Use: Potion            |       |     6 |     7 ||    13
       Scroll            |       |     3 |    13 ||    16
  Eat: Chunk             |     1 |     6 |    15 ||    22
       Fruit             |       |       |     2 ||     2
Armor: Scale mail        |    39 |   146 |   147 ||   332
Dodge: Dodged            |    21 |   109 |   140 ||   270
Block: Shield            |    87 |   288 |   363 ||   738
       Reflection        |     1 |       |     6 ||     7
       Rpst.: Long sword |     5 |    27 |    34 ||    66
       Falchion          |       |       |    20 ||    20
